 Dungeon Crawl Stone Soup version 0.30.0-5-g1a98f26d00 (webtiles) character file.

Game seed: 6708574050938805917

39 H0rd4k the Charlatan (level 3, 0/26 HPs)
             Began as a Human Artificer on May 9, 2023.
             Succumbed to an adder's poison
             ... on level 2 of the Dungeon.
             The game lasted 00:01:16 (1059 turns).

H0rd4k the Charlatan (Human Artificer)              Turns: 1059, Time: 00:01:17

Health: 0/26       AC:  4    Str: 12    XL:     3   Next: 67%
Magic:  3/3        EV: 16    Int: 13    God:
Gold:   109        SH:  0    Dex: 13    Spells: 2/2 levels left

rFire   . . .        a - +0 club
rCold   + + .        (no shield)
rNeg    . . .        o - +1 leather armour of Vampiric Thralls {Rampage}
rPois   +            (no helmet)
rElec   +            (no cloak)
rCorr   +            (no gloves)
SInv    .            (no boots)
Will    .....        (no amulet)
Stlth   +            i - +5 ring of evasion
HPRegen 0.24/turn    l - ring of ice
MPRegen 0.08/turn

%: rampage
@: lethally poisoned (0 -> -5), resistant
A: no striking features
a: no special abilities


You were on level 2 of the Dungeon.
You visited 1 branch of the dungeon, and saw 2 of its levels.

You collected 109 gold pieces.

Inventory:

Hand Weapons
 a - a +0 club (weapon)
Missiles
 g - 4 poisoned darts
 j - 5 datura-tipped darts
Armour
 b - a +0 leather armour
 o - the +1 leather armour of Vampiric Thralls (worn) {Rampage}
   (You found it on level 2 of the Dungeon)

   Rampage:   It bestows one free step when moving towards enemies.
Jewellery
 i - a +5 ring of evasion (left hand)
 l - a ring of ice (right hand)
Wands
 c - a wand of flame (13) (quivered)
 d - a wand of charming (15)
 e - a wand of iceblast (5)
Scrolls
 k - a scroll of enchant weapon {unknown}
 m - a scroll of identify {unknown}
 n - a scroll of immolation {unknown}


   Skills:
 + Level 1.1 Fighting
 + Level 1.1 Maces & Flails
 - Level 2.0 Armour
 + Level 1.3 Dodging
 + Level 1.0 Stealth
 + Level 3.9 Evocations


You had 2 spell levels left.
You didn't know any spells.
Your spell library was empty.

Dungeon Overview and Level Annotations

Branches:
Dungeon (2/15)

Altars:


Message History

You hit the adder.
The adder is severely wounded.
The adder closely misses you.
You hit the adder but do no damage.
The adder is severely wounded.
The adder bites you. x2
You barely miss the adder.
The adder is severely wounded.
The adder bites you but does no damage.
You barely miss the adder.
The adder is severely wounded.
The adder closely misses you. The adder bites you.
You miss the adder.
The adder is severely wounded.
The adder bites you but does no damage. The adder bites you.
You are poisoned.
The adder poisons you!
You hit the adder but do no damage.
The adder is severely wounded.
You feel very sick. The adder bites you. x2
* * * LOW HITPOINT WARNING * * *
You are lethally poisoned!
The adder poisons you!
Aiming: Throw Flame
Press: ? - help, Shift-Dir - straight line, f - adder
Aim: an adder (heavily wounded, 53% to hit)
The puff of flame hits the adder.
You kill the adder!
* * * LOW HITPOINT WARNING * * *
You feel sick.
Your Maces & Flails skill increases to level 1!
It was a potion of magic.
Magic courses through your body.
* * * LOW HITPOINT WARNING * * *
You feel very sick.
It was a potion of resistance.
You feel protected.
* * * LOW HITPOINT WARNING * * *
You feel sick.
You die...

#.#.#.#.............#
#.#.#.##.##.........#
#.#.#.##.##..........
###.#..................
#.....................#
#####.###............#
#.# #.#####.##.#.# #.#
#.# #.##.#.# #.#
#.#####@.....# #.#
#.#...........# #.#
#.#.###.##.#... ... ...
..# .# ## ### #.# #.# #
#.# #.. #.# #.# .#


There were no monsters in sight!

Vanquished Creatures
  An adder (D:2)
  2 dart slugs (D:1)
  2 ball pythons (D:1)
  3 endoplasms (D:1)
  A giant cockroach (D:1)
  2 goblins (D:1)
  3 hobgoblins (D:1)
  2 kobolds (D:1)
  A quokka (D:1)
  A bat (D:2)
  4 frilled lizards (D:1)
  2 rats (D:1)
24 creatures vanquished.

Notes
Turn   | Place    | Note
-------+----------+-------------------------------------------
     0 | D:1      | H0rd4k the Human Artificer began the quest for the Orb.
     0 | D:1      | Reached XP level 1. HP: 15/15 MP: 1/1
    93 | D:1      | Found a faded altar of an unknown god.
   124 | D:1      | Reached XP level 2. HP: 20/21 MP: 2/2
   634 | D:1      | Reached XP level 3. HP: 26/26 MP: 3/3
   992 | D:2      | Identified the +1 leather armour of Vampiric Thralls
                  | {Rampage}
  1057 | D:2      | Reached skill level 1 in Maces & Flails
  1059 | D:2      | Succumbed to an adder's poison

Illustrated notes

Levels and vault maps discovered:
D:1:      lightli_arrival_flooded_house, layout_basic, serial_rivers,
          chequers_serial_rivers_micro_e, chequers_serial_rivers_marsh,
          chequers_serial_rivers_micro_d, chequers_serial_rivers_marsh,
          chequers_ecumenical_altar_simple, minmay_fountain_box
D:2:      layout_basic, basic_altar, minmay_close_crescents, uniq_sigmund

Skill      XL: |  1  2  3 |
---------------+----------+-----
Maces & Flails | 1 |  1.1
Fighting       | |  1.1
Armour         | |  2.0
Dodging        | |  1.3
Stealth        | |  1.0
Evocations     | |  3.9

Action                     || total
---------------------------++-------
  Melee: Club              ||   102
         Punch             ||     2
  Evoke: Wand              ||     2
    Use: Potion            ||     2
   Stab: Sleeping          ||     2
 Armour: Leather armour    ||    23
  Dodge: Dodged            ||    59
